 Dungeon Crawl Stone Soup version 0.17.0-7-gfadd4cc (console) character file.

6594 gw the Basher (level 10, -4/94 HPs)
             Began as a Deep Dwarf Gladiator on Nov 8, 2015.
             Was a Priest of Makhleb.
             Slain by an orc warrior
             ... wielding a +0 dire flail
              (12 damage)
             ... on level 10 of the Dungeon.
             The game lasted 00:14:05 (9245 turns).

gw the Basher (Deep Dwarf Gladiator)                Turns: 9245, Time: 00:14:05

Health: -4/94      AC: 13    Str: 18    XL:     10   Next: 71%
Magic:  4/4        EV: 11    Int: 10    God:    Makhleb [***...]
Gold:   501        SH:  0    Dex: 16    Spells: 0 memorised, 9 levels left

rFire  + . .     SeeInvis .     a - +0 dire flail
rCold  . . .     Clarity  .     b - +2 ring mail {rF+}
rNeg   . . .     SustAt   .     (shield currently unavailable)
rPois  .         Gourm    .     c - +0 helmet
rElec  .         Spirit   .     j - +0 cloak (curse)
rCorr  .         Warding  .     k - +0 pair of gloves
rMut   .         Stasis   .     h - +0 pair of boots
MR     +....                    (no amulet)
Stlth  +.........               (no ring)
                                (no ring)

@: non-regenerating, heavily drained, somewhat resistant to hostile
enchantments, very unstealthy
A: damage resistance, recharge devices, sense surroundings 2, slow regeneration
3
a: Device Recharging, Minor Destruction, Lesser Servant of Makhleb, Renounce
Religion


You were on level 10 of the Dungeon.
You worshipped Makhleb.
Makhleb was most pleased with you.
You were not hungry.

You visited 2 branches of the dungeon, and saw 11 of its levels.

You collected 501 gold pieces.

Inventory:

Hand Weapons
 a - a +0 dire flail (weapon)
Missiles
 d - 3 throwing nets
 g - 102 bolts
 i - 16 bolts of frost
Armour
 b - a +2 ring mail of fire resistance (worn)
 c - a +0 helmet (worn)
 h - a +0 pair of boots (worn)
 j - a cursed +0 cloak (worn)
 k - a +0 pair of gloves (worn)
Wands
 e - a wand of heal wounds (0)
Comestibles
 f - 8 bread rations


   Skills:
 + Level 7.4(5.1) Fighting
 * Level 11.0(8.5) Maces & Flails
 - Level 1.7(0.0) Throwing
 + Level 8.5(6.1) Armour
 - Level 3.2(1.2) Dodging
 + Level 7.3(5.0) Invocations


You had 9 spell levels left.
You didn't know any spells.

Dungeon Overview and Level Annotations

Branches:
Dungeon (10/15)            Temple (1/1) D:4             Orc (0/4) D:10
   Lair: D:8-11

Altars:
Ashenzari
Cheibriados
Dithmenos
Elyvilon
Fedhas
Gozag
Kikubaaqudgha
Makhleb
Nemelex Xobeh
Okawaru
Qazlal
Ru
Sif Muna
Trog
Vehumet
Xom
Yredelemnul
Zin
The Shining One

Shops:
D:5 =(!!   D:7 *   D:8 (

Annotations:
D:10 Maurice


Innate Abilities, Weirdness & Mutations

You are resistant to damage.
You can recharge devices by infusing magical energy.
You passively map the area around you.
You do not regenerate naturally.


Message History

Unknown command.
MOVING TO (-2,-3)
An orc comes into view. It is wielding a dagger.
The orc shouts!
An orc priest comes into view. It is wielding a hand axe.
Unknown command.
Unknown command.
Unknown command.
MOVING TO (-1,-2)
An orc comes into view.
It is wielding a short sword of draining.
The orc shouts!
The orc warrior misses you.
An orc comes into view. It is wielding a falchion.
Unknown command.
Unknown command.
Unknown command.
MOVING TO (-2,-1)
The orc shouts!
The orc warrior hits you with a dire flail!
You die...

............. , ,, ,, ..
####.................##.
, , .. #
#.....................,
.. # #.........
..o........ , # #
#.......## #o.........,
* # #.....!.#
#o......... # #.......#
#.o........, ,
####.......#
#..........,, , *
..##.......# #.g........
, ...#.......#
#)or.(......, , ,,
...........#
#.z...............#
.PP........#
#.................#
P.P.#......#
#.................#
...........#
#..................
.PP........#
#).................
.P..#......#
#..................
PP.P#......#
#..................


You could see an orc warrior, a wight, an orc priest, 3 orcs and a quokka.

Table legend:
 A = Turns spent in this place as a percentage of turns spent in the entire game.
 B = Non-inter-level travel turns spent in this place as a percentage of non-inter-level travel turns spent in the entire game.
 C = Inter-level travel turns spent in this place as a percentage of turns spent in this place.
 D = Turns resting spent in this place as a percentage of non-inter-level travel turns spent in this place.
 E = Turns spent auto-exploring this place as a percentage of non-inter-level travel turns spent in this place.
 F = Non-inter-level travel turns spent in this place divided by the number of levels of this place that you've seen.
                   A       B       C       D       E      F
               +-------+-------+-------+-------+-------+----------------------
         Total | 100.0 | 100.0 |   0.5 |   0.0 |   2.2 | 1809.2
       Dungeon |  99.1 |  99.1 |   0.5 |   0.0 |   2.2 | 1971.2
        Temple |   0.9 |   0.9 |   0.5 |   0.0 |   4.8 | 189.0
               +-------+-------+-------+-------+-------+----------------------

Table legend:
 A = Kills in this place as a percentage of kills in entire the game.
 B = Kills by you in this place as a percentage of kills by you in the entire game.
 C = Kills by friends in this place as a percentage of kills by friends in the entire game.
 D = Other kills in this place as a percentage of other kills in the entire game.
 E = Experience gained in this place as a percentage of experience gained in the entire game.
 F = Experience gained in this place divided by the number of levels of this place that you have seen.
                   A       B       C       D       E      F
               +-------+-------+-------+-------+-------+----------------------
         Total | 100.0 | 100.0 | 100.0 |  -nan | 100.0 | 856.5
       Dungeon | 100.0 | 100.0 | 100.0 |  -nan | 100.0 | 942.1
               +-------+-------+-------+-------+-------+----------------------

Vanquished Creatures
  A hill giant (D:9)
  Pikel (D:6)
  Joseph (D:9)
  Edmund (D:6)
  Grinder (D:4)
  3 trolls
  A spriggan (D:7)
  A yak (D:10)
  Grum (D:8)
  A wraith (D:9)
  3 wolves (D:8)
  2 hippogriffs
  3 ice beasts
  An eye of draining (D:4)
  2 orc warriors
  A black bear (D:8)
  3 ogres
  2 centaurs
  A phantom (D:9)
  A necrophage (D:10)
  A wasp (D:5)
  A crocodile (D:10)
  4 giant frogs
  A wyvern zombie (D:9)
  2 scorpions
  A crimson imp (D:4)
  A jelly (D:7)
  3 orc priests
  5 hounds
  2 wights (D:10)
  2 iguanas (D:4)
  4 orc wizards
  2 giant frog skeletons
  10 worker ants
  A killer bee zombie (D:7)
  A hound zombie (D:9)
  8 adders
  4 gnolls (D:4)
  2 river rats (D:10)
  7 shadow imps
  3 oozes
  An adder skeleton (D:5)
  An adder zombie (D:9)
  2 worms
  6 giant geckos
  31 orcs
  4 giant cockroaches
  13 goblins
  10 hobgoblins
  11 jackals
  5 quokkas
  22 bats
  A giant cockroach zombie (D:5)
  A giant gecko skeleton (D:4)
  6 giant newts
  A jackal skeleton (D:4)
  A jackal zombie (D:5)
  4 kobolds
  A quokka skeleton (D:4)
  A quokka zombie (D:9)
  18 rats
236 creatures vanquished.

Vanquished Creatures (collateral kills)
  A crocodile (D:10)
  A giant frog (D:10)
  A river rat (D:10)
  2 rats (D:10)
5 creatures vanquished.

Vanquished Creatures (others)
  2 slaves (D:6)
  A centaur skeleton (D:6)
  An orc (D:6)
4 creatures vanquished.

Grand Total: 245 creatures vanquished

Notes
Turn   | Place    | Note
--------------------------------------------------------------
     0 | D:1      | gw the Deep Dwarf Gladiator began the quest for the Orb.
     0 | D:1      | Reached XP level 1. HP: 19/19 MP: 1/1
   249 | D:1      | Reached XP level 2. HP: 24/26 MP: 2/2
   321 | D:1      | Reached skill level 1 in Armour
   858 | D:2      | Reached XP level 3. HP: 17/32 MP: 3/3
   935 | D:2      | Found an iron altar of Okawaru.
  1167 | D:2      | Found a glowing silver altar of Zin.
  1685 | D:2      | Found an ancient bone altar of Kikubaaqudgha.
  1692 | D:2      | Found a stormy altar of Qazlal.
  1901 | D:3      | Reached XP level 4. HP: 33/40 MP: 4/4
  1921 | D:3      | Reached skill level 4 in Maces & Flails
  2008 | D:3      | Reached XP level 5. HP: 42/48 MP: 4/4
  2688 | D:4      | Found a bloodstained altar of Trog.
  2688 | D:4      | Noticed an eye of draining
  2700 | D:4      | Killed an eye of draining
  2700 | D:4      | Reached skill level 5 in Maces & Flails
  2700 | D:4      | Reached XP level 6. HP: 38/56 MP: 1/5
  3070 | D:4      | Reached XP level 7. HP: 47/63 MP: 5/5
  3089 | D:4      | Noticed Grinder
  3121 | D:4      | Killed Grinder
  3121 | D:4      | Reached skill level 6 in Maces & Flails
  3126 | D:4      | Found a white marble altar of Elyvilon.
  3543 | D:4      | Found a staircase to the Ecumenical Temple.
  3552 | Temple   | Entered the Ecumenical Temple
  3928 | D:5      | Entered Level 5 of the Dungeon
  3948 | D:5      | Found Gaarrij's Jewellery Shop.
  4014 | D:5      | Found Kematrie's Distillery.
  4195 | D:5      | Reached skill level 7 in Maces & Flails
  4198 | D:5      | Noticed a troll
  4221 | D:5      | Killed a troll
  4221 | D:5      | Reached skill level 5 in Armour
  4221 | D:5      | Reached XP level 8. HP: 45/73 MP: 5/5
  4235 | D:5      | Reached skill level 5 in Fighting
  4360 | D:5      | Found Eptitwaann's Distillery.
  4503 | D:5      | Found a basalt altar of Yredelemnul.
  4503 | D:5      | Found a burning altar of Makhleb.
  4510 | D:5      | Became a worshipper of Makhleb the Destroyer
  4611 | D:5      | Reached skill level 1 in Invocations
  4733 | D:5      | Paralysed by a wasp for 3 turns
  4828 | D:5      | Found Raurr's Antique Weapon Emporium.
  4872 | D:6      | Reached skill level 8 in Maces & Flails
  5149 | D:6      | Noticed Edmund
  5151 | D:6      | Noticed Pikel
  5190 | D:6      | Killed Pikel
  5190 | D:6      | Gained mutation: You passively map the area around you. [Deep Dwarf growth]
  5190 | D:6      | Reached XP level 9. HP: 47/82 MP: 5/7
  5223 | D:6      | Killed Edmund
  5223 | D:6      | Reached * piety under Makhleb
  5223 | D:6      | Reached skill level 9 in Maces & Flails
  5639 | D:6      | Found an opulent altar of Gozag.
  5972 | D:7      | Found Qenlupoa's General Store.
  6356 | D:7      | Found a sacrificial altar of Ru.
  6773 | D:8      | Reached skill level 5 in Invocations
  6830 | D:8      | Reached ** piety under Makhleb
  6836 | D:8      | Found Samum's Antique Weapon Emporium.
  6962 | D:8      | Reached skill level 10 in Maces & Flails
  7105 | D:8      | Reached XP level 10. HP: 59/92 MP: 9/9
  7114 | D:8      | Noticed Grum
  7122 | D:8      | Killed Grum
  7443 | D:8      | Found a snail-covered altar of Cheibriados.
  7570 | D:9      | Found a shattered altar of Ashenzari.
  7577 | D:9      | Noticed Joseph
  7642 | D:9      | Killed Joseph
  8142 | D:9      | Noticed a hill giant
  8151 | D:9      | Killed a hill giant
  8189 | D:9      | Found a sparkling altar of Nemelex Xobeh.
  8247 | D:9      | Found a glowing golden altar of the Shining One.
  8433 | D:10     | Entered Level 10 of the Dungeon
  8472 | D:10     | Reached *** piety under Makhleb
  8667 | D:10     | Reached skill level 11 in Maces & Flails
  8843 | D:10     | Found a staircase to the Orcish Mines.
  8869 | D:10     | Found a blossoming altar of Fedhas.
  9083 | D:10     | Noticed Maurice
  9245 | D:10     | Slain by an orc warrior

Action                   |  1- 3 |  4- 6 |  7- 9 | 10-12 || total
-------------------------+-------+-------+-------+-------++-------
Melee: Flail             |   189 |   217 |   273 |       ||   679
       Dire flail        |       |       |   199 |   212 ||   411
Invok: Minor Destruction |       |       |    11 |    64 ||    75
       Lesser Servant of |       |       |       |     1 ||     1
 Abil: Device Recharging |       |     2 |     3 |     6 ||    11
Evoke: Wand              |     2 |     7 |    14 |    21 ||    44
 Stab: Distracted        |       |       |       |     1 ||     1
  Eat: Chunk             |     4 |     4 |    14 |     9 ||    31

Vault maps used:
D:1:      dpeg_arrival_subterranean_lakeside_camping, minmay_misc_feat_roman
D:2:      marbit_many_paths, amethyst_overflow_temple_binary,
          lemuel_crystal_altar
D:3:      grunt_ministairs_14
D:4:      kennysheep_little_box, trog_eyes_of_draining,
          minmay_temple_entry_nine_rooms, first_bread, minmay_misc_feat_chi,
          uniq_grinder
D:5:      gammafunk_temple_overflow_pools, serial_shops, shop, shop_fountains,
          nicolae_shop_waterfront, shop, st_stairs_11, grunt_ministairs_11
D:6:      nicolae_overflow_hidden_temple, uniq_edmund, uniq_pikel
D:7:      serial_shops, nicolae_shop_crystal, basic_altar, the_bakery
D:8:      slow_altar_2, serial_shops, nicolae_shop_crystal, uniq_grum
D:9:      tso_oasis_becter, nemelex_altar_shiori, old_standard_altar,
          nicolae_wwwww, uniq_joseph
D:10:     grunt_lair_entry_elf_guard_hut, orc_0_dummy, basic_altar, uniq_maurice
Temple:   hc_temple_tempest_star
